 Dungeon Crawl Stone Soup version 0.23-a0-169-gb21e695 (webtiles) character file.

119 Amnesiac the Chiller (level 4, -7/30 HPs)
             Began as a Mummy Ice Elementalist on Sept 11, 2018.
             Killed from afar by an orc wizard (15 damage)
             ... with a puff of flame
             ... on level 4 of the Dungeon.
             The game lasted 00:03:13 (1150 turns).

Amnesiac the Chiller (Mummy Ice Elementalist)       Turns: 1150, Time: 00:03:13

Health: -7/30      AC:  3    Str: 11    XL:     4   Next: 73%
Magic:  6/10       EV: 12    Int: 19    God:
Gold:   28         SH:  0    Dex: 12    Spells: 1/11 levels left

rFire    x . .     SeeInvis .   b - +0 short sword
rCold    + . .     Gourm    .   (no shield)
rNeg     + + +     Faith    .   a - +1 robe
rPois    ∞         Spirit   .   (no helmet)
rElec    .         Reflect  .   (no cloak)
rCorr    .         Harm     .   (no gloves)
MR       +....                  (no boots)
Stlth    ++........             (no amulet)
HPRegen  0.10/turn              c - +4 ring of intelligence
MPRegen  0.12/turn              g - ring of protection from magic

@: no status effects
A: no food or potions, fire vulnerability, cold resistance 1, negative energy
resistance 3, torment resistance, unbreathing
a: no special abilities


You were on level 4 of the Dungeon.
You were not hungry.

You visited 1 branch of the dungeon, and saw 6 of its levels.

You collected 28 gold pieces.

Inventory:

Hand Weapons
 b - a +0 short sword (weapon)
Armour
 a - a +1 robe (worn)
Jewellery
 c - a +4 ring of intelligence (left hand)
 g - a ring of protection from magic (right hand)
Scrolls
 d - a scroll of remove curse {!r}


   Skills:
 - Level 1.5 Dodging
 - Level 1.5 Stealth
 + Level 4.0 Spellcasting
 - Level 0.7 Conjurations
 * Level 4.0 Ice Magic


You had one spell level left.
You knew the following spells:

 Your Spells              Type           Power        Failure   Level  Hunger
a - Freeze                Ice            ###.         2%          1    N/A
d - Throw Icicle          Conj/Ice       ##......     45%         4    N/A
e - Throw Frost           Conj/Ice       ##....       8%          2    N/A
z - Ozocubu's Armour      Chrm/Ice       ##......     19%         3    N/A

Your spell library contained the following spells:

 Spells                   Type           Power        Failure   Level  Hunger
 Summon Ice Beast         Ice/Summ       ##......     52%         4    N/A

Dungeon Overview and Level Annotations

Branches:
Dungeon (6/15)
 Temple: D:4-7

Altars:
Fedhas


Innate Abilities, Weirdness & Mutations

You do not eat or drink.
Your flesh is vulnerable to fire.
You are immune to poison.
Your flesh is cold resistant. (rC+)
You are immune to negative energy. (rN+++)
You are immune to unholy pain and torment.
You can survive without breathing.


Message History

The ooze hits you. The adder bites you.
* * * LOW HITPOINT WARNING * * *
Casting: Throw Frost (safe; 8% risk of failure)
Confirm with . or Enter, or press ? or * to list all spells.
Aiming: Freeze (safe; 2% risk of failure)
Press: ? - help, Shift-Dir - straight line, f - ooze, p - orc wizard
Aim: an ooze (severely wounded)
You freeze the ooze.
You kill the ooze!
The adder bites you.
* * * LOW HITPOINT WARNING * * *
The adder barely misses you.
Really read
i - a scroll labeled YMOMINIJAU {!r}?
As you read the scroll labeled YMOMINIJAU {!r}, it crumbles to dust.
The creatures around you are filled with an inner flame!
It was a scroll of immolation {!r}.
The adder barely misses you.
Really read
h - a scroll labeled XATUIPL QAMNI {!r}?
As you read the scroll labeled XATUIPL QAMNI {!r}, it crumbles to dust.
It is a scroll of enchant armour.
Your +0 robe glows green for a moment.
The adder closely misses you.
Really read
f - a scroll labeled SENGEN JARCHAS {!r}?
As you read the scroll labeled SENGEN JARCHAS {!r}, it crumbles to dust.
You feel aware of your surroundings.
It was a scroll of magic mapping {!r}.
The adder closely misses you.
The orc wizard casts a cantrip, but nothing happens.
The adder bites you.
* * * LOW HITPOINT WARNING * * *
Casting: Freeze (safe; 2% risk of failure)
Confirm with . or Enter, or press ? or * to list all spells.
Aiming: Freeze (safe; 2% risk of failure)
Press: ? - help, Shift-Dir - straight line, f - adder
Aim: an adder (inner flame)
You freeze the adder.
The adder is moderately wounded.
The orc wizard barely misses you. The adder bites you but does no damage.
The orc wizard hits you but does no damage.
Casting: Freeze (safe; 2% risk of failure)
Confirm with . or Enter, or press ? or * to list all spells.
Aiming: Freeze (safe; 2% risk of failure)
Press: ? - help, Shift-Dir - straight line, f/p - adder
Aim: an adder (moderately wounded, inner flame)
You freeze the adder.
The adder seems to slow down.
The adder is heavily wounded.
The orc wizard barely misses you. The adder bites you but does no damage.
Casting: Freeze (safe; 2% risk of failure)
Confirm with . or Enter, or press ? or * to list all spells.
Aiming: Freeze (safe; 2% risk of failure)
Press: ? - help, Shift-Dir - straight line, f/p - adder
Aim: an adder (heavily wounded, slow, inner flame)
You freeze the adder.
The adder seems to slow down.
The adder is almost dead.
The orc wizard gestures wildly while chanting.
The orc wizard seems to speed up.
The orc barely misses you. The orc wizard hits you with a dagger.
* * * LOW HITPOINT WARNING * * *
Unknown command.
Really read
e - a scroll labeled AROASA FOGO {!r}?
As you read the scroll labeled AROASA FOGO {!r}, it crumbles to dust.
It is a scroll of identify.
d - a scroll of remove curse {!r} The orc wizard points at you and mumbles some strange words.
The puff of flame hits you! The fire burns you terribly!
Ouch! That really hurt!
You die...

#########.........#.......#...÷
#.......o.........#.......#....
#.................#....#######.
#........################.####.
#........#............,,#...#..
#........#......$.....,,#...#..
#........#............,,#<.>'..
#........'...oo.......,,#...#..
#........#...S@.......,,#...#..
#........#...o........,,#...#..
#.......S#....###...##,*###.##.
#........######**##########.##'
*........+,,,,,,,..............
*......#..,*,,,,,.(............
*,....##.,,**,,,,..............
*,,,,,*,,,,,*,,,,..............
*,,,,,*,,,,,*****...####'##....


You could see 2 orc wizards, an adder (inner flame) and an orc (inner flame).

Vanquished Creatures
  2 hounds (D:4)
  A bullfrog skeleton (D:4)
  A howler monkey skeleton (D:4)
  An ooze (D:4)
  4 orcs
  A bat (D:3)
  3 giant cockroaches
  2 hobgoblins
  A ball python (D:3)
  A frilled lizard (D:4)
  A goblin (D:1)
18 creatures vanquished.

Notes
Turn   | Place    | Note
-------+----------+-------------------------------------------
     0 | D:1      | Amnesiac the Mummy Ice Elementalist began the quest for the
                  | Orb.
     0 | D:1      | Reached XP level 1. HP: 13/13 MP: 4/4
   302 | D:4      | Noticed a hound
   349 | D:3      | Reached XP level 2. HP: 13/19 MP: 0/5
   437 | D:3      | Learned a level 2 spell: Throw Frost
   442 | D:5      | Entered Level 5 of the Dungeon
   443 | D:5      | Noticed a slave
   487 | D:4      | Reached XP level 3. HP: 18/24 MP: 0/7
   492 | D:4      | Learned a level 3 spell: Ozocubu's Armour
   514 | D:3      | Found a blossoming altar of Fedhas.
   649 | D:4      | Reached XP level 4. HP: 11/30 MP: 2/9
   655 | D:4      | Learned a level 4 spell: Throw Icicle
  1150 | D:4      | Killed from afar by an orc wizard

Vault maps used:
D:1:      dpeg_arrival_line_fractal
D:2:      chequers_ecumenical_altar_island
D:3:      first_ration, fedhas_altar_1, uniq_terence
D:4:      eino_small_chamber_without_monster
D:5:      elyvilon_altar_5, uniq_prince_ribbit1, uniq_pikel
D:6:      minmay_temple_entry_glassed_door, serial_shops, nicolae_shop_crystal,
          minmay_misc_feat_enclosed, nicolae_tso_carved_into_rock

Skill      XL: |  1  2  3  4 |
---------------+-------------+-----
Ice Magic      | 3 4 |  4.0
Spellcasting   | 3 4 |  4.0
Dodging        | |  1.5
Stealth        | |  1.5
Conjurations   | |  0.7

Action                   |  1- 3 |  4- 6 || total
-------------------------+-------+-------++-------
Melee: Unarmed           |     2 |       ||     2
       Short sword       |    14 |    15 ||    29
 Cast: Freeze            |    23 |     7 ||    30
       Throw Frost       |     1 |    10 ||    11
       Ozocubu's Armour  |     2 |     1 ||     3
  Use: Scroll            |     1 |     4 ||     5
 Stab: Sleeping          |       |     1 ||     1
Armor: Robe              |     7 |    10 ||    17
Dodge: Dodged            |    25 |    18 ||    43

Table legend:
 A = Non-vault XP
 B = Vault XP
 C = Vault XP percentage of total XP
 D = Non-vault monster count
 E = Vault monster count
 F = Vault count percentage of total count
                 A         B        C        D         E       F
            +---------+---------+-------+---------+---------+-------
      Total |     170 |       0 |   0.0 |      18 |       0 |   0.0
            +---------+---------+-------+---------+---------+-------
        D:1 |       3 |       0 |   0.0 |       2 |       0 |   0.0
        D:3 |      16 |       0 |   0.0 |       7 |       0 |   0.0
        D:4 |     151 |       0 |   0.0 |       9 |       0 |   0.0
            +---------+---------+-------+---------+---------+-------
